 Dungeon Crawl Stone Soup version 0.16.2-12-gd0ad4c3 (webtiles) character file.

37665 faibistes the Thaumaturge (level 13, -1/74 HPs)
             Began as a Deep Elf Wizard on Mar 17, 2018.
             Was the Champion of Sif Muna.
             Slain by an elephant (12 damage)
             ... on level 6 of the Lair of Beasts.
             The game lasted 01:39:38 (27925 turns).

faibistes the Thaumaturge (Deep Elf Wizard)        Turns: 27925, Time: 01:39:38

Health: -1/74      AC: 10    Str:  7    XL:     13   Next: 59%
Magic:  7/36       EV: 17    Int: 29    God:    Sif Muna [******]
Gold:   1003       SH:  0    Dex: 13    Spells: 11 memorised, 4 levels left

rFire  + . .     SeeInvis .     w - +5 dagger (venom)
rCold  + . .     Clarity  .     G - +1 robe {rC+ rF+}
rNeg   . . .     SustAb   .     (no shield)
rPois  .         Gourm    .     m - +2 hat
rElec  .         Spirit   .     C - +2 cloak {MR+}
rCorr  .         Warding  .     (no gloves)
rMut   .         Stasis   .     j - +1 pair of boots
MR     ++...                    (no amulet)
Stlth  ++........               N - ring of wizardry
                                c - +3 ring of strength

@: repel missiles, very resistant to hostile enchantments, unstealthy
A: horns 1
a: Channel Energy, Forget Spell, Renounce Religion


You were on level 6 of the Lair of Beasts.
You worshipped Sif Muna.
Sif Muna was exalted by your worship.
You were very hungry.

You visited 3 branches of the dungeon, and saw 22 of its levels.
You also visited: Sewer.

You collected 1081 gold pieces.
You spent 78 gold pieces at shops.

Inventory:

Hand weapons
 w - a +5 dagger of venom (weapon)
 y - a +1 dagger of venom
Armour
 j - a +1 pair of boots (worn)
 m - a +2 hat (worn)
 B - a +0 robe of positive energy
 C - a +2 cloak of magic resistance (worn)
 G - a +1 robe of resistance (worn)
Magical staves
 Q - an uncursed staff of death
Jewellery
 c - a +3 ring of strength (left hand)
 s - an uncursed ring of sustain abilities
 H - an uncursed ring of protection from cold
 N - a ring of wizardry (right hand)
Magical devices
 k - a wand of frost (15)
 A - a wand of fireball (4)
 M - a wand of lightning (0)
 P - a wand of digging (23)
 R - a wand of random effects (34)
Scrolls
 a - a scroll of holy word
 b - 5 scrolls of identify
 g - 3 scrolls of magic mapping
 n - 4 scrolls of fog
 o - 4 scrolls of recharging
 p - 5 scrolls of teleportation
 t - 8 scrolls of remove curse
 u - 3 scrolls of immolation
Potions
 e - 2 potions of curing
 f - 6 potions of brilliance
 h - a potion of ambrosia
 q - 2 potions of magic
 r - 3 potions of might
 v - 5 potions of heal wounds
 x - 4 potions of resistance
 E - a potion of restore abilities
 F - 2 potions of flight
 I - a potion of invisibility
 J - 3 potions of agility
Comestibles
 d - 11 bread rations
 i - 8 chunks of flesh
 l - 8 meat rations
 D - 9 royal jellies
 L - 5 fruits


   Skills:
 + Level 6.0 Fighting
 + Level 9.9 Dodging
 - Level 2.4 Stealth
 * Level 13.0 Spellcasting
 * Level 8.6 Conjurations
 - Level 7.0 Charms
   Level 3.8 Summonings
 - Level 3.7 Necromancy
 + Level 6.2 Translocations
 - Level 3.1 Transmutations
 * Level 9.1 Fire Magic
 - Level 3.5 Air Magic
 * Level 9.0 Earth Magic
 - Level 2.2 Poison Magic
 * Level 6.5 Invocations
 + Level 4.7 Evocations


You had 4 spell levels left.
You knew the following spells:

 Your Spells              Type           Power        Failure   Level  Hunger
a - Magic Dart            Conj           ####         1%          1    None
b - Conjure Flame         Conj/Fire      ######..     1%          3    None
c - Airstrike             Air            #####.....   4%          4    None
d - Blink                 Tloc           N/A          1%          2    None
e - Mephitic Cloud        Conj/Pois/Air  #####...     1%          3    None
f - Repel Missiles        Chrm/Air       #####.       1%          2    None
g - Sandblast             Erth           ######       1%          1    None
h - Animate Dead          Necr           N/A          3%          4    None
i - Ignite Poison         Fire/Trmt      ######....   4%          5    ##.....
x - Force Lance           Conj/Tloc      ######..     1%          4    None
z - Fireball              Conj/Fire      ######....   1%          5    ##.....


Dungeon Overview and Level Annotations

Branches:
Dungeon (13/15)            Temple (1/1) D:5            Lair (8/8) D:11
  Swamp (0/5) Lair:3       Spider (0/5) Lair:3          Orc (0/4) D:10
  Slime: Lair:6-8    Vaults: D:13-14

Altars:
Ashenzari
Cheibriados
Dithmenos
Elyvilon
Fedhas
Gozag
Kikubaaqudgha
Makhleb
Nemelex Xobeh
Okawaru
Qazlal
Ru
Sif Muna
Trog
Vehumet
Xom
Yredelemnul
Zin
The Shining One

Shops:
D:3 *   D:4 *   D:8 :   D:11 *


Innate Abilities, Weirdness & Mutations

You have a pair of small horns on your head.


Message History

Confirm with . or Enter, or press ? or * to list all spells.
Aiming: Force Lance
Press: ? - help, Shift-Dir - straight line, f - elephant
Aim: an elephant (moderately wounded)
The lance of force hits the elephant.
The elephant is heavily wounded.
The elephant is knocked back by the lance of force.
The elephant slams into the rock wall!
The elephant is engulfed in roaring flames.
The elephant is engulfed in noxious fumes.
The elephant appears confused.
Casting: Force Lance
Confirm with . or Enter, or press ? or * to list all spells.
You blink.
You are engulfed in roaring flames.
You resist.
* * * LOW HITPOINT WARNING * * *
The elephant barely misses you. x2
The elephant misses you. The elephant trunk-slaps you.
* * * LOW HITPOINT WARNING * * *
The elephant tramples you!
You die...

#..........#.......P..
##..........#......PP..
#.................P..P.
##..................P..
#P.....##..............
##...Y..#...#.......P..
#...Y.......##......PP.
#.Y...Z.#....P.........
##>..Y@Y...............
###§#Y.P##.##....#P#P#
##§########.P.######
### #####


You could see 6 elephants and a friendly yak zombie.

Vanquished Creatures
  Maud (Lair:2)
  A centaur warrior (D:11)
  Harold (Lair:1)
  A hydra (Lair:2)
  A catoblepas (Lair:3)
  A death yak (Lair:2)
  2 hill giants
  3 black mambas
  2 elephants (Lair:6)
  Maurice (D:11)
  8 spiny frogs
  Joseph (D:12)
  A torpor snail (Lair:2)
  12 komodo dragons
  A fire drake (Lair:6)
  2 trolls
  A two-headed ogre (D:11)
  13 blink frogs
  Grinder (D:5)
  6 basilisks
  2 shadows (D:11)
  A deep elf fighter (D:11)
  A hungry ghost (D:11)
  A wraith (D:11)
  Eustachio (D:4)
  2 deep elf magi
  9 hippogriffs
  27 yaks
  A vampire mosquito (D:12)
  A wolf (Lair:1)
  6 water moccasins
  A spiny frog zombie (Lair:2)
  A swamp drake (Lair:3)
  3 sky beasts
  Purgy (Sewer)
  A black bear (D:6)
  2 eyes of draining (D:4)
  4 orc warriors
  7 porcupines
  8 spiders (Lair:3)
  5 ogres
  A boring beetle (Lair:5)
  14 crocodiles
  A wasp (D:11)
  Sigmund (D:7)
  A gnoll sergeant (D:8)
  5 centaurs
  A big kobold (D:9)
  13 giant frogs
  A water moccasin zombie (D:7)
  4 scorpions
  2 yak zombies (Lair:6)
  2 hippogriff zombies
  7 wights (D:10)
  13 hounds
  6 crimson imps
  2 goliath beetles
  A giant frog zombie (D:11)
  4 jellies
  A basilisk zombie (Lair:4)
  9 orc priests
  A lava snake (Lair:6)
  2 centaur skeletons
  2 giant frog skeletons
  11 orc wizards
  8 iguanas
  5 worker ants
  Ijyb (D:3)
  Jessica (D:3)
  7 sheep
  Robin (D:3)
  18 adders
  12 gnolls
  A worker ant zombie (D:5)
  38 river rats
  2 shadow imps (D:11)
  2 giant mites
  2 worms
  A sheep zombie (Lair:6)
  2 adder skeletons
  3 adder zombies
  13 giant geckos
  49 orcs
  18 bats
  A bat skeleton (D:6)
  20 goblins
  13 hobgoblins
  14 jackals
  20 kobolds
  7 quokkas
  6 ball pythons
  3 giant cockroaches
  A giant gecko zombie (D:5)
  7 giant newts
  A giant spore (D:9)
  A goblin skeleton (D:4)
  A goblin zombie (D:4)
  2 hobgoblin zombies (D:4)
  2 kobold skeletons (D:4)
  2 orc skeletons (D:4)
  An orc zombie (D:4)
  A quokka skeleton (D:10)
  A quokka zombie (D:8)
  25 rats
  A rat skeleton (D:11)
  4 river rat zombies (Lair:3)
  A spectral orc (D:4)
  6 ballistomycetes (D:9)
  A fungus (Lair:7)
  2 plants
578 creatures vanquished.

Vanquished Creatures (collateral kills)
  2 elephants (Lair:6)
  A spiny frog (Lair:4)
  6 komodo dragons
  3 blink frogs (Lair:5)
  A basilisk (Lair:6)
  4 hippogriffs
  9 yaks
  A warg (D:9)
  2 porcupines
  A wasp (D:11)
  A spider (D:11)
  An orc warrior (D:10)
  A centaur (D:10)
  3 giant frogs
  2 crocodiles
  A brain worm (D:11)
  5 iguanas
  3 hounds
  A sheep (Lair:6)
  6 river rats (Lair:3)
  An adder (Lair:3)
  5 orcs
  A hobgoblin (D:11)
  4 jackals (D:1)
  2 quokkas
  A bat (D:11)
  A giant newt (Lair:3)
  A fungus (Lair:2)
  A plant (Lair:5)
71 creatures vanquished.

Vanquished Creatures (others)
  A spiny frog zombie (Lair:2)
  2 elephant zombies (Lair:6)
  A fire drake zombie (Lair:6)
  3 komodo dragon zombies
  A komodo dragon skeleton (Lair:5)
  A water moccasin zombie (Lair:5)
  A troll zombie (D:11)
  4 hippogriff zombies
  3 yak zombies
  A yak skeleton (Lair:3)
  A boring beetle zombie (Lair:5)
  A wasp zombie (D:11)
  A centaur zombie (D:11)
  2 giant frog skeletons
  5 basilisk zombies
  A swamp drake skeleton (Lair:3)
  2 orcs (D:9)
  3 river rat zombies (Lair:3)
  A giant spore (D:9)
  4 orc zombies
  A rat (D:9)
  13 fungi
  4 plants
57 creatures vanquished.

Grand Total: 706 creatures vanquished

Notes
Turn   | Place    | Note
--------------------------------------------------------------
     0 | D:1      | faibistes, the Deep Elf Wizard, began the quest for the Orb.
     0 | D:1      | Reached XP level 1. HP: 10/10 MP: 6/6
   223 | D:1      | Reached XP level 2. HP: 15/15 MP: 6/9
   241 | D:1      | Learned a level 2 spell: Blink
   244 | D:1      | Learned a level 2 spell: Call Imp
   676 | D:2      | Reached XP level 3. HP: 16/19 MP: 3/13
   684 | D:2      | Learned a level 3 spell: Conjure Flame
   688 | D:2      | Learned a level 3 spell: Mephitic Cloud
   845 | D:3      | Found Gozag's Platinum Reserve.
   846 | D:3      | Found an opulent altar of Gozag.
   916 | D:3      | Found a glowing drain.
   943 | Sewer    | Entered a sewer
   985 | Sewer    | Reached skill level 5 in Spellcasting
  1031 | Sewer    | Noticed Purgy
  1034 | Sewer    | Killed Purgy
  1034 | Sewer    | Reached XP level 4. HP: 24/24 MP: 9/17
  1034 | Sewer    | Reached XP level 5. HP: 28/28 MP: 10/20
  1038 | Sewer    | Learned a level 2 spell: Repel Missiles
  1253 | D:4      | Reached skill level 6 in Spellcasting
  1843 | D:3      | Found a stormy altar of Qazlal.
  1853 | D:4      | Noticed Eustachio
  2111 | D:4      | Noticed Ijyb
  2111 | D:4      | Noticed Robin
  2141 | D:3      | Killed Ijyb
  2141 | D:3      | Reached XP level 6. HP: 32/32 MP: 1/22
  2409 | D:3      | Killed Robin
  2826 | D:5      | Entered Level 5 of the Dungeon
  2954 | D:3      | Noticed Jessica
  2963 | D:3      | Killed Jessica
  3064 | D:4      | Killed Eustachio
  3064 | D:4      | Reached skill level 1 in Fighting
  3064 | D:4      | Reached skill level 5 in Dodging
  3064 | D:4      | Reached skill level 7 in Spellcasting
  3064 | D:4      | Reached XP level 7. HP: 36/38 MP: 8/25
  3523 | D:4      | Noticed an eye of draining
  3525 | D:4      | Found a bloodstained altar of Trog.
  3525 | D:4      | Noticed an eye of draining
  3553 | D:4      | Killed an eye of draining
  3564 | D:4      | Killed an eye of draining
  3564 | D:4      | Reached skill level 8 in Spellcasting
  3732 | D:4      | Found a glowing golden altar of the Shining One.
  3936 | D:4      | Found a basalt altar of Yredelemnul.
  3966 | D:4      | Found Piujaar's Assorted Antiques.
  3975 | D:4      | Bought a potion of curing for 78 gold pieces
  4017 | D:4      | Found a radiant altar of Vehumet.
  4155 | D:5      | Found a glowing silver altar of Zin.
  4314 | D:5      | Found a staircase to the Ecumenical Temple.
  4320 | Temple   | Entered the Ecumenical Temple
  4713 | D:5      | Noticed Grinder
  4716 | D:5      | Reached XP level 8. HP: 46/46 MP: 20/27
  4725 | D:5      | Paralysed by Grinder for 7 turns
  4748 | D:5      | Paralysed by Grinder for 5 turns
  5242 | D:5      | Killed Grinder
  5242 | D:5      | Reached skill level 9 in Spellcasting
  6098 | D:5      | Found a deep blue altar of Sif Muna.
  6101 | D:5      | Became a worshipper of Sif Muna the Loreminder
  6369 | D:6      | Learned a level 2 spell: Stoneskin
  6810 | D:8      | Reached skill level 1 in Fire Magic
  6900 | D:6      | Reached skill level 1 in Earth Magic
  7224 | D:6      | Reached skill level 1 in Air Magic
  7579 | D:7      | Reached XP level 9. HP: 52/52 MP: 28/30
  7729 | D:7      | Found a shadowy altar of Dithmenos.
  7730 | D:7      | Noticed Sigmund
  7756 | D:7      | Acquired Sif Muna's first power
  7785 | D:7      | Killed Sigmund
  8025 | D:7      | Reached skill level 10 in Spellcasting
  8025 | D:7      | Reached skill level 5 in Conjurations
  8202 | D:7      | Reached skill level 1 in Poison Magic
  8318 | D:7      | Gained mutation: You have a pair of small horns on your head. [potion of beneficial mutation]
  8670 | D:8      | Found Zuyluuwna's Book Shop.
  9390 | D:8      | Acquired Sif Muna's second power
  9747 | D:10     | Entered Level 10 of the Dungeon
  9809 | D:9      | Found a shattered altar of Ashenzari.
 10727 | D:9      | Found a snail-covered altar of Cheibriados.
 10919 | D:9      | Reached XP level 10. HP: 29/57 MP: 7/31
 11620 | D:9      | Found an ancient bone altar of Kikubaaqudgha.
 11644 | D:9      | Found an iron altar of Okawaru.
 11725 | D:9      | Reached skill level 1 in Charms
 11812 | D:9      | Reached skill level 5 in Fire Magic
 11854 | D:9      | Learned a level 5 spell: Ignite Poison
 11859 | D:9      | Learned a level 4 spell: Animate Dead
 11864 | D:9      | Learned a level 4 spell: Petrify
 12065 | D:10     | Reached skill level 1 in Transmutations
 12083 | D:10     | Reached skill level 5 in Earth Magic
 12209 | D:12     | Noticed a hill giant
 12473 | D:11     | Reached skill level 11 in Spellcasting
 12574 | D:11     | Reached skill level 1 in Invocations
 12803 | D:11     | Acquired Sif Muna's third power
 12854 | D:11     | Noticed a centaur warrior
 12877 | D:11     | Found Amirasypp's General Store.
 13005 | D:11     | Killed a centaur warrior
 13142 | D:12     | Noticed Joseph
 13156 | D:12     | Killed Joseph
 13350 | D:10     | Found a staircase to the Orcish Mines.
 13549 | D:10     | Reached XP level 11. HP: 62/62 MP: 19/33
 13863 | D:10     | Reached skill level 1 in Evocations
 13972 | D:10     | Noticed a hill giant
 13987 | D:10     | Killed a hill giant
 14618 | D:11     | Killed a hill giant
 14814 | D:12     | Noticed a five-headed hydra
 14985 | D:11     | Noticed Maurice
 15297 | D:11     | Learned a level 4 spell: Force Lance
 15465 | D:11     | Found a staircase to the Lair.
 15569 | D:11     | Killed Maurice
 15569 | D:11     | Reached skill level 5 in Fighting
 16170 | Lair:1   | Entered Level 1 of the Lair of Beasts
 16220 | Lair:1   | Noticed Harold
 16270 | Lair:1   | Killed Harold
 16875 | Lair:1   | Reached skill level 12 in Spellcasting
 17077 | Lair:2   | Noticed a seven-headed hydra
 17087 | Lair:2   | Killed a seven-headed hydra
 17087 | Lair:2   | Reached skill level 5 in Charms
 17320 | Lair:1   | Received a gift from Sif Muna
 17321 | Lair:1   | Identified Sif Muna's Sorcery, Part Four (Sif Muna gifted it to you on level 1 of the Lair of Beasts)
 17475 | Lair:1   | Reached XP level 12. HP: 51/68 MP: 28/35
 17962 | Lair:1   | Learned a level 4 spell: Iskenderun's Mystic Blast
 20281 | Lair:3   | Noticed Maud
 20558 | Lair:3   | Reached skill level 5 in Translocations
 20837 | Lair:2   | Reached skill level 5 in Invocations
 21083 | Lair:2   | Killed Maud
 21382 | Lair:2   | Learned a level 4 spell: Airstrike
 21597 | Lair:3   | Noticed a catoblepas
 21615 | Lair:3   | Killed a catoblepas
 22055 | Lair:3   | Found a staircase to the Swamp.
 22306 | Lair:3   | Reached skill level 1 in Necromancy
 22355 | Lair:3   | Found a hole to the Spider Nest.
 22807 | Lair:4   | Received a gift from Sif Muna
 22815 | Lair:4   | Identified Sif Muna's Collected Works on Dusty Confrontation (Sif Muna gifted it to you on level 4 of the Lair of Beasts)
 23994 | Lair:4   | Reached XP level 13. HP: 74/74 MP: 27/36
 24422 | Lair:4   | Learned a level 5 spell: Fireball
 24425 | Lair:4   | Learned a level 1 spell: Sandblast
 26715 | Lair:8   | Entered Level 8 of the Lair of Beasts
 27384 | Lair:6   | Reached skill level 13 in Spellcasting
 27925 | Lair:6   | Slain by an elephant

Action                   |  1- 3 |  4- 6 |  7- 9 | 10-12 | 13-15 || total
-------------------------+-------+-------+-------+-------+-------++-------
Melee: Unarmed           |     6 |       |       |       |       ||     6
       Dagger            |       |    33 |   171 |   409 |    70 ||   683
 Cast: Magic Dart        |    59 |    85 |   400 |   320 |       ||   864
       Call Imp          |     2 |       |       |     5 |       ||     7
       Mephitic Cloud    |     1 |    14 |    40 |    60 |    13 ||   128
       Conjure Flame     |       |     3 |    39 |    79 |    22 ||   143
       Blink             |       |     8 |     5 |    18 |    13 ||    44
       Repel Missiles    |       |     2 |       |       |       ||     2
       Animate Dead      |       |       |       |    24 |    17 ||    41
       Petrify           |       |       |       |     7 |       ||     7
       Stoneskin         |       |       |       |     6 |       ||     6
       Ignite Poison     |       |       |       |    46 |     8 ||    54
       Force Lance       |       |       |       |    66 |    30 ||    96
       Iskenderun's Myst |       |       |       |    34 |     4 ||    38
       Airstrike         |       |       |       |    12 |     5 ||    17
       Fireball          |       |       |       |       |    54 ||    54
Invok: Channel Energy    |       |       |       |    26 |     9 ||    35
       Forget Spell      |       |       |       |     2 |     1 ||     3
Evoke: Wand              |       |       |       |     6 |       ||     6
  Use: Scroll            |     4 |     2 |    20 |     8 |     3 ||    37
       Potion            |       |       |     4 |     1 |       ||     5
 Stab: Sleeping          |       |     1 |     1 |     1 |       ||     3
       Confused          |       |     2 |     5 |    16 |     2 ||    25
       Petrified         |       |       |       |     2 |       ||     2
       Petrifying        |       |       |       |     1 |       ||     1
  Eat: Chunk             |       |     6 |    21 |    39 |    13 ||    79
       Fruit             |       |       |     2 |     6 |     2 ||    10
       Pizza             |       |       |     1 |       |       ||     1
       Beef jerky        |       |       |       |     2 |       ||     2
